 Dungeon Crawl Stone Soup version 0.23-a0-484-g29ba69c (webtiles) character file.

16688 mopl the Grappler (level 12, -5/109 HPs)
             Began as a Troll Hunter on Nov 30, 2018.
             Was a High Priest of Okawaru.
             Slain by a sixfirhy (12 damage)
             ... summoned by an orc high priest
             ... on level 2 of the Orcish Mines.
             The game lasted 00:23:27 (11351 turns).

mopl the Grappler (Troll Hunter)                   Turns: 11351, Time: 00:23:29

Health: -5/109     AC:  9    Str: 25    XL:     12   Next: 12%
Magic:  16/16      EV:  7    Int:  7    God:    Okawaru [*****.]
Gold:   1299       SH: 11    Dex: 14    Spells: 11/11 levels left

rFire    + . .     SeeInvis .     - Unarmed
rCold    . . .     Gourm    +   V - +2 shield {rF+}
rNeg     . . .     Faith    +   T - +0 troll leather armour
rPois    .         Spirit   .   q - +2 hat
rElec    .         Reflect  .   G - scarf {repulsion}
rCorr    .         Harm     .   (gloves unavailable)
MR       .....                  (boots unavailable)
Stlth    +.........             z - amulet of faith {!P}
HPRegen  1.08/turn              r - +2 ring of strength
MPRegen  0.15/turn              (no ring)

@: repel missiles
A: large, unfitting armour, claws 3, fast metabolism 3, gourmand, regeneration
1, shaggy fur 1, tough skin 2
a: Heroism, Finesse, Renounce Religion


You were on level 2 of the Orcish Mines.
You worshipped Okawaru.
Okawaru was extremely pleased with you.
You were completely stuffed.

You visited 3 branches of the dungeon, and saw 14 of its levels.
You also visited: Sewer.

You collected 1348 gold pieces.
You spent 49 gold pieces at shops.

Inventory:

Hand Weapons
 b - a +0 blowgun
Missiles
 c - 13 large rocks (quivered)
 d - 4 throwing nets
 g - 312 stones
 C - 7 needles of sleeping
 E - 29 tomahawks
 F - 3 javelins
 H - 8 javelins of penetration
 I - 27 poisoned needles
 O - 6 exploding tomahawks
 X - 8 javelins of returning
Armour
 q - a +2 hat (worn)
 G - a scarf of repulsion (worn)
 T - a +0 troll leather armour (worn)
 V - a +2 shield of fire resistance (worn)
 W - a +2 robe of cold resistance
Jewellery
 r - a +2 ring of strength (left claw)
 z - an amulet of faith (around neck) {!P}
Wands
 y - a wand of acid (9)
 J - a wand of digging (5)
 L - a wand of clouds (11)
 N - a wand of paralysis (11)
 Q - a wand of random effects (30)
 R - a wand of iceblast (10)
Scrolls
 e - a scroll of immolation {unknown}
 h - 14 scrolls of teleportation {unknown}
 k - 3 scrolls of magic mapping
 l - 4 scrolls of fear
 m - 3 scrolls of amnesia {unknown}
 s - 6 scrolls of remove curse {unknown}
 u - 2 scrolls of noise {unknown}
 w - a scroll of random uselessness {unknown}
 x - a scroll of blinking {unknown}
 D - 2 scrolls of acquirement {unknown}
 P - 2 scrolls of enchant weapon {unknown}
 S - a scroll of torment {unknown}
Potions
 a - 4 potions of mutation {unknown}
 i - 6 potions of brilliance {unknown}
 j - a potion of cancellation
 n - 9 potions of curing
 o - a potion of lignification {!q}
 p - 2 potions of ambrosia
 t - a potion of magic
 v - 3 potions of agility
 A - 4 potions of heal wounds
 B - 4 potions of might
 K - a potion of berserk rage {!q}
 M - 2 potions of haste
Comestibles
 f - 29 rations
 U - 16 chunks of flesh


   Skills:
 + Level 4.6 Fighting
 + Level 9.7 Throwing
 - Level 1.5 Dodging
 - Level 0.3 Stealth
 + Level 2.7 Shields
 * Level 13.3 Unarmed Combat
 + Level 7.9 Invocations


You had 11 spell levels left.
You didn't know any spells.
Your spell library contained the following spells:

 Spells                   Type           Power        Failure   Level  Hunger
 Poisonous Vapours        Pois/Air       #.....       97%         2    ###....
 Conjure Flame            Conj/Fire      #.......     99%         3    ####...
 Mephitic Cloud           Conj/Pois/Air  #.......     99%         3    ####...
 Cause Fear               Hex            #.........   100%        4    #####..
 Silence                  Hex/Air        #.........   100%        5    ######.
 Yara's Violent Unravell  Hex/Tmut       #.........   100%        5    ######.
 Deflect Missiles         Chrm/Air       #.........   100%        6    #######
 Freezing Cloud           Conj/Ice/Air   #.........   100%        6    #######
 Ring of Flames           Chrm/Fire      #.........   100%        7    #######
 Discord                  Hex            #.........   100%        8    #######


Dungeon Overview and Level Annotations

Branches:
Dungeon (11/15)            Temple (1/1) D:4            Lair (0/6) D:9
    Orc (2/2) D:9
    Elf: Orc:2

Altars:
Ashenzari
Cheibriados
Dithmenos
Elyvilon
Gozag
Hepliaklqana
Kikubaaqudgha
Makhleb
Nemelex Xobeh
Okawaru
Qazlal
Ru
Trog
Uskayaw
Vehumet
Wu Jian
Xom
Yredelemnul
Zin
The Shining One

Shops:
D:4 ((=:   D:7 %   D:8 *   D:9 [


Innate Abilities, Weirdness & Mutations

You are too large for most types of armour.
You have claws for hands.
Your metabolism is lightning-fast.
You like to eat raw meat.
Your natural rate of healing is unusually fast.
You are covered in fur. (AC +1)
You have very tough skin. (AC +2)


Message History

The orc high priest utters an invocation to Beogh.
The orc priest looks braver for a moment.
The rust devil disappears in a puff of smoke!
You block the sixfirhy's attack. x2
The sixfirhy hits you. The sixfirhy shocks you! The sixfirhy barely misses you.
The sixfirhy hits you. The sixfirhy shocks you!
The sixfirhy hits you but does no damage.
The soul eater draws from the surrounding life force!
The soul eater draws from the surrounding life force!
* * * LOW HITPOINT WARNING * * *
An orc priest comes into view. It is wielding a +0 flail.
The sixfirhy closely misses you. The sixfirhy hits you.
* * * LOW HITPOINT WARNING * * *
The sixfirhy shocks you!
* * * LOW HITPOINT WARNING * * *
The sixfirhy hits you.
* * * LOW HITPOINT WARNING * * *
The sixfirhy shocks you!
You die...

.≈≈..........)..[.)).........
≈≈≈...(.....)(####...........
###....[....[## #............
[)...........# #.###........
...(...(..[..# ##.###........
####.).(..#### #....#........
≈≈§........# ###..<.........
.§§.........# #..............
§§≈.##...#.####.@.......#....
§≈≈##########.#3.....##.#....
§.## ##.........# # ...
###..........# #
#..o........#..
#####............#..
##.##...........o..#.
##....o.##.#.........
####.#..3..######......


You could see an orc knight, a sixfirhy, an orc warrior and an orc priest.

Vanquished Creatures
  Harold (D:7)
  2 two-headed ogres
  An orc high priest (Orc:2)
  2 orc knights
  7 orc sorcerers
  A gargoyle (D:10)
  2 trolls
  Grinder (D:6)
  A hornet (D:10)
  2 hippogriffs
  A human (D:10)
  5 wargs
  A porcupine (D:9)
  Duvessa (D:7)
  An ice beast (D:5)
  17 orc warriors
  2 phantoms
  3 black bears
  A sky beast (D:7)
  7 ogres
  5 centaurs
  2 crocodiles (D:9)
  13 bullfrogs
  A water moccasin zombie (D:7)
  Dowan (D:7)
  2 wyvern skeletons
  5 scorpions
  14 killer bees
  A water moccasin skeleton (D:9)
  5 wights (D:7)
  3 howler monkeys
  7 crimson imps
  2 centaur zombies
  8 hounds
  3 jellies
  2 bullfrog skeletons
  3 centaur skeletons
  A gnoll shaman (Orc:1)
  11 orc priests
  3 iguanas
  8 worker ants
  12 orc wizards
  A hound skeleton (D:6)
  A hound zombie (D:6)
  11 gnolls
  17 adders
  3 river rats (Sewer)
  4 shadow imps
  2 oozes
  An adder zombie (D:8)
  A worm (D:2)
  2 dart slugs (D:1)
  5 leopard geckos
  68 orcs
  4 ball pythons
  5 giant cockroaches
  8 goblins
  5 hobgoblins
  14 jackals
  2 quokkas
  8 bats
  14 frilled lizards
  A jackal zombie (D:5)
  10 kobolds
  A leopard gecko zombie (D:6)
  13 rats
372 creatures vanquished.

Vanquished Creatures (others)
  31 fungi (D:9)
  2 plants (D:9)
33 creatures vanquished.

Grand Total: 405 creatures vanquished

Notes
Turn   | Place    | Note
-------+----------+-------------------------------------------
     0 | D:1      | mopl the Troll Hunter began the quest for the Orb.
     0 | D:1      | Reached XP level 1. HP: 19/19 MP: 0/0
    41 | D:1      | Reached skill level 1 in Unarmed Combat
    57 | D:1      | Reached XP level 2. HP: 27/27 MP: 1/1
   270 | D:1      | Reached skill level 2 in Unarmed Combat
   354 | D:1      | Reached XP level 3. HP: 33/33 MP: 2/2
   628 | D:2      | Reached skill level 4 in Throwing
   972 | D:2      | Reached skill level 3 in Unarmed Combat
   972 | D:2      | Reached XP level 4. HP: 26/41 MP: 3/3
  1589 | D:3      | Reached skill level 4 in Unarmed Combat
  1589 | D:3      | Reached XP level 5. HP: 48/48 MP: 4/4
  1700 | D:3      | Found a hide-covered altar of Uskayaw.
  1864 | D:3      | Found a stormy altar of Qazlal.
  1962 | D:3      | Reached XP level 6. HP: 52/55 MP: 5/5
  2152 | D:4      | Found Mejiaq's Jewellery Boutique.
  2207 | D:4      | Found Waidgh's Antique Weapon Shoppe.
  2211 | D:4      | Found Cann's Weapon Shop.
  2247 | D:4      | Found a white marble altar of Elyvilon.
  2277 | D:4      | Found a burning altar of Makhleb.
  2277 | D:4      | Found a sparkling altar of Nemelex Xobeh.
  2329 | D:4      | Found a basalt altar of Yredelemnul.
  2331 | D:4      | Found an opulent altar of Gozag.
  2333 | D:4      | Found a shattered altar of Ashenzari.
  2373 | D:4      | Reached skill level 5 in Throwing
  2373 | D:4      | Reached skill level 5 in Unarmed Combat
  2434 | D:4      | Found a staircase to the Ecumenical Temple.
  2465 | D:4      | Reached XP level 7. HP: 21/62 MP: 6/6
  2479 | Temple   | Entered the Ecumenical Temple
  2504 | Temple   | Became a worshipper of Warmaster Okawaru
  2588 | D:4      | Found Sougum's Book Shoppe.
  2784 | D:5      | Entered Level 5 of the Dungeon
  2796 | D:5      | Reached skill level 6 in Unarmed Combat
  2915 | D:5      | Reached skill level 1 in Invocations
  2918 | D:5      | HP: 3/62 [ice beast (11)]
  2993 | D:5      | Found a glowing drain.
  3002 | Sewer    | Entered a sewer
  3386 | D:5      | Reached * piety under Okawaru
  3423 | D:5      | Reached skill level 7 in Unarmed Combat
  3423 | D:5      | Reached skill level 2 in Invocations
  3437 | D:5      | Reached XP level 8. HP: 70/70 MP: 8/8
  3455 | D:5      | Reached skill level 6 in Throwing
  3645 | D:5      | Reached skill level 3 in Invocations
  3809 | D:5      | Found an ancient bone altar of Kikubaaqudgha.
  3950 | D:5      | Reached ** piety under Okawaru
  3950 | D:5      | Reached skill level 8 in Unarmed Combat
  4264 | D:6      | Found a sparkling altar of Nemelex Xobeh.
  4534 | D:6      | Reached XP level 9. HP: 49/76 MP: 10/10
  4624 | D:6      | Reached *** piety under Okawaru
  4624 | D:6      | Reached skill level 4 in Invocations
  4625 | D:6      | Noticed Grinder
  4637 | D:6      | Killed Grinder
  4637 | D:6      | Reached skill level 7 in Throwing
  4637 | D:6      | Reached skill level 9 in Unarmed Combat
  4984 | D:6      | Found a hazy altar of Hepliaklqana.
  5109 | D:7      | Noticed Duvessa
  5109 | D:7      | Noticed Dowan
  5118 | D:7      | Killed Duvessa
  5122 | D:7      | Killed Dowan
  5353 | D:7      | Received a gift from Okawaru
  5362 | D:7      | Found Zeoheul's Food Shoppe.
  5370 | D:7      | Noticed Harold
  5384 | D:7      | Killed Harold
  5384 | D:7      | Reached **** piety under Okawaru
  5384 | D:7      | Reached skill level 10 in Unarmed Combat
  5384 | D:7      | Reached skill level 5 in Invocations
  5443 | D:7      | Found a white marble altar of Elyvilon.
  5443 | D:7      | Found an ornate altar of the Wu Jian Council.
  5492 | D:7      | Received a gift from Okawaru
  5676 | D:7      | Reached XP level 10. HP: 77/85 MP: 13/13
  5807 | D:7      | Reached skill level 8 in Throwing
  6131 | D:8      | Found Nuvagasch's General Store.
  6134 | D:8      | Bought a scroll of fear for 49 gold pieces
  6451 | D:8      | Reached ***** piety under Okawaru
  6451 | D:8      | Received a gift from Okawaru
  6764 | D:8      | Reached skill level 11 in Unarmed Combat
  6769 | D:9      | Found a staircase to the Orcish Mines.
  6769 | D:9      | Found Veczotuhae's Armour Shop.
  6806 | D:9      | Reached skill level 6 in Invocations
  6943 | D:9      | Found a staircase to the Lair.
  7467 | D:9      | Received a gift from Okawaru
  7467 | D:9      | Reached skill level 2 in Fighting
  7553 | D:9      | Found a shadowy altar of Dithmenos.
  7578 | D:9      | HP: 2/87 [crocodile (6)]
  8044 | D:10     | Entered Level 10 of the Dungeon
  8062 | D:10     | Noticed a two-headed ogre
  8070 | D:10     | Killed a two-headed ogre
  8070 | D:10     | Received a gift from Okawaru
  8175 | D:10     | Reached skill level 12 in Unarmed Combat
  8175 | D:10     | Reached XP level 11. HP: 64/96 MP: 15/15
  8356 | D:10     | Reached skill level 3 in Fighting
  8492 | D:10     | Reached skill level 9 in Throwing
  8707 | D:10     | Reached skill level 7 in Invocations
  9901 | Orc:1    | Entered Level 1 of the Orcish Mines
  9940 | Orc:1    | Noticed an orc sorcerer
  9941 | Orc:1    | Paralysed by an orc sorcerer for 5 turns
  9953 | Orc:1    | Killed an orc sorcerer
 10028 | Orc:1    | Noticed an orc sorcerer
 10040 | Orc:1    | Killed an orc sorcerer
 10040 | Orc:1    | Received a gift from Okawaru
 10058 | Orc:1    | Noticed an orc sorcerer
 10094 | Orc:1    | Killed an orc sorcerer
 10271 | Orc:2    | Entered Level 2 of the Orcish Mines
 10274 | Orc:2    | Noticed an orc sorcerer
 10287 | Orc:1    | Killed an orc sorcerer
 10287 | Orc:1    | Reached skill level 1 in Shields
 10323 | Orc:2    | Noticed a two-headed ogre
 10329 | Orc:2    | Killed a two-headed ogre
 10329 | Orc:2    | Reached skill level 4 in Fighting
 10466 | Orc:2    | Noticed an orc high priest
 10467 | Orc:2    | Noticed a sun demon
 10475 | Orc:2    | Noticed a sixfirhy
 10595 | Orc:2    | Killed an orc high priest
 10624 | Orc:2    | Noticed an orc knight
 10624 | Orc:2    | Noticed an orc sorcerer
 10627 | Orc:2    | Noticed a sixfirhy
 10711 | Orc:1    | Killed an orc knight
 10711 | Orc:1    | Reached skill level 2 in Shields
 10711 | Orc:1    | Reached skill level 13 in Unarmed Combat
 10716 | Orc:2    | Noticed an orc sorcerer
 10717 | Orc:2    | Paralysed by an orc sorcerer for 3 turns
 10726 | Orc:1    | Killed an orc sorcerer
 10811 | Orc:2    | Killed an orc sorcerer
 10937 | Orc:2    | Received a gift from Okawaru
 11061 | Orc:2    | Reached XP level 12. HP: 57/109 MP: 16/16
 11176 | Orc:2    | Received a gift from Okawaru
 11332 | Orc:2    | Noticed an orc high priest
 11351 | Orc:2    | Slain by a sixfirhy

Vault maps used:
D:1:      minmay_arrival_radiant_lines, minmay_pentomino_o4
D:2:      first_ration
D:3:      eat_drink_and_be_merry_uskayaw, grunt_qazlal_sundering, minmay_between
D:4:      chequers_temple_overflow_minitemple, minmay_temple_entry_sparse_star,
          serial_shops, shop, nicolae_shop_trees, shop, shop, elyvilon_altar_4
D:5:      lemuel_doored_altar, portal_sewer_entry_d, grunt_ministairs_6,
          roderic_lattice_a, hex_large, minmay_circle_x
D:6:      kennysheep_little_box, nemelex_lonely_heart_becter, uniq_grinder
D:7:      minmay_the_grid_four_pointed_star, gammafunk_temple_overflow_elements,
          serial_shops, nicolae_shop_behind_doors, uniq_harold, uniq_duvessa
D:8:      serial_curves, eino_curves_02, eino_curves_03, serial_shops, shop
D:9:      grunt_dithmenos_smoke, due_lair_maze_entry_diamond, orc_david_3
D:10:     grunt_pizzeria
Temple:   eino_wide_crystal_templ
Orc:2:    grunt_orc_cross, guppyfry_orc_lava_fort
Sewer:    sewer_co_cracked_pipes

Skill      XL: |  1  2  3  4  5  6  7  8  9 10 11 |
---------------+----------------------------------+-----
Unarmed Combat | 1 2 3 4 5 7 8 10 12 13 | 13.3
Throwing       | 4 5 6 7 8 9 |  9.7
Invocations    | 2 3 5 6 7 |  7.9
Fighting       | 2 4 |  4.6
Shields        | 2 |  2.7
Dodging        | |  1.5
Stealth        | |  0.3

Action                   |  1- 3 |  4- 6 |  7- 9 | 10-12 || total
-------------------------+-------+-------+-------+-------++-------
Melee: Unarmed           |   123 |   154 |   285 |   535 ||  1097
       Punch             |       |     3 |    11 |    13 ||    27
Throw: Stone             |       |    10 |    16 |    13 ||    39
       Large rock        |       |     1 |     7 |     6 ||    14
       Javelin           |       |       |     3 |       ||     3
       Tomahawk          |       |       |       |    26 ||    26
Invok: Heroism           |       |       |     2 |    17 ||    19
       Finesse           |       |       |       |     1 ||     1
  Use: Scroll            |     4 |     2 |     3 |     2 ||    11
 Stab: Sleeping          |     1 |       |     3 |       ||     4
       Distracted        |       |       |     1 |     1 ||     2
  Eat: Chunk             |    15 |    13 |    28 |    54 ||   110
Armor: Robe              |    49 |    43 |    98 |    42 ||   232
       Troll leather arm |       |       |       |    87 ||    87
Dodge: Dodged            |    61 |    62 |   119 |   212 ||   454
       Deflected         |       |       |     3 |     9 ||    12
Block: Shield            |       |       |       |   130 ||   130

Table legend:
 A = Non-vault XP
 B = Vault XP
 C = Vault XP percentage of total XP
 D = Non-vault monster count
 E = Vault monster count
 F = Vault count percentage of total count
                 A         B        C        D         E       F
            +---------+---------+-------+---------+---------+-------
      Total |   15844 |    7996 |  33.5 |     284 |      88 |  23.7
            +---------+---------+-------+---------+---------+-------
        D:1 |      43 |       4 |   8.5 |      24 |       3 |  11.1
        D:2 |     118 |       0 |   0.0 |      28 |       0 |   0.0
        D:3 |     215 |      18 |   7.7 |      28 |       4 |  12.5
        D:4 |     372 |       2 |   0.5 |      10 |       1 |   9.1
        D:5 |     946 |     352 |  27.1 |      21 |       9 |  30.0
        D:6 |     890 |     277 |  23.7 |      23 |       1 |   4.2
        D:7 |    1504 |    1499 |  49.9 |      19 |       9 |  32.1
        D:8 |     505 |       0 |   0.0 |       7 |       0 |   0.0
        D:9 |    1808 |    1292 |  41.7 |      31 |      18 |  36.7
       D:10 |    2753 |     182 |   6.2 |      14 |       1 |   6.7
       D:11 |     450 |       0 |   0.0 |      15 |       0 |   0.0
      Orc:1 |    3827 |    1475 |  27.8 |      32 |       5 |  13.5
      Orc:2 |    2413 |    2830 |  54.0 |      32 |      21 |  39.6
      Sewer |       0 |      65 | 100.0 |       0 |      16 | 100.0
            +---------+---------+-------+---------+---------+-------
